 Dungeon Crawl Stone Soup version 0.31.0-12-g77e489cdc1 (webtiles) character file.

Game seed: 16704838468395472299

1 haggar2011 the Poker (level 1, -2/23 HPs)
             Began as a Gnoll Cinder Acolyte on Feb 17, 2024.
             Was a High Priest of Ignis.
             Slain by a kobold
             ... wielding a +0 whip
              (4 damage)
             ... on level 1 of the Dungeon.
             The game lasted 00:01:33 (80 turns).

haggar2011 the Poker (Gnoll Cinder Acolyte)           Turns: 80, Time: 00:01:33

Health: -2/23      AC:  2    Str: 13    XL:     1   Next: 20%
Magic:  4/4        EV: 11    Int: 13    God:    Ignis [*****.]
Gold:   0          SH:  0    Dex:  7    Spells: 5/5 levels left

rFire   + . .        a - -1 spear (flame)
rCold   . . .        (no shield)
rNeg    . . .        b - +0 robe
rPois   .            (no helmet)
rElec   .            (no cloak)
rCorr   .            (no gloves)
SInv    .            (no boots)
Will    .....        (no amulet)
Stlth   +            (no ring)
HPRegen 0.23/turn    (no ring)
MPRegen 0.09/turn

%: no passive effects
@: no status effects
A: fangs 1, strong nose, distributed training
a: Renounce Religion, Fiery Armour, Foxfire Swarm, Rising Flame


You were on level 1 of the Dungeon.
You worshipped Ignis.
Ignis was extremely pleased with you.
You visited 1 branch of the dungeon, and saw 1 of its levels.

Inventory:

Hand Weapons
 a - a -1 spear of flaming (weapon)
Armour
 b - a +0 robe (worn)


   Skills:
 + Level 6.4 Fighting
 + Level 0.0 Short Blades
 + Level 0.0 Long Blades
 + Level 0.0 Axes
 + Level 0.0 Maces & Flails
 + Level 6.4 Polearms
 + Level 0.0 Staves
 + Level 0.0 Ranged Weapons
 + Level 0.0 Throwing
 + Level 0.0 Armour
 + Level 0.0 Dodging
 + Level 0.0 Stealth
 + Level 0.0 Shields
 + Level 0.0 Unarmed Combat
 + Level 2.6 Spellcasting
 + Level 0.0 Conjurations
 + Level 0.0 Hexes
 + Level 0.0 Summonings
 + Level 0.0 Necromancy
 + Level 0.0 Translocations
 + Level 5.3 Fire Magic
 + Level 0.0 Ice Magic
 + Level 0.0 Air Magic
 + Level 0.0 Earth Magic
 + Level 0.0 Alchemy
 + Level 0.0 Invocations
 + Level 0.0 Evocations
 + Level 0.0 Shapeshifting


You had 5 spell levels left.
You didn't know any spells.
Your spell library contained the following spells:

 Spells                   Type           Power      Damage    Failure   Level
 Scorch                   Fire           30%        2d6       4%          2
 Hailstorm                Conj/Ice       1%         3d5       58%         3
 Summon Ice Beast         Ice/Summ       1%         N/A       58%         3
 Sculpt Simulacrum        Ice/Alch       0%         N/A       100%        6


Dungeon Overview and Level Annotations

Branches:
Dungeon (1/15)

Altars:


Innate Abilities, Weirdness & Mutations

You have very sharp teeth.
Your uncanny sense of smell can sniff out nearby items.
Your experience applies equally to all skills.


Message History

The kobold hits you with a +0 short sword.
You hit the kobold. You burn the kobold.
You kill the kobold!
The bat closely misses you.
You closely miss the bat. The bat barely misses you.
You miss the bat. The bat hits you but does no damage. x2
You closely miss the bat. The bat hits you but does no damage.
The bat hits you but does no damage.
Things that are here:
a +0 short sword; a +0 spear; a kobold corpse The bat closely misses you.
The bat barely misses you. The bat hits you but does no damage.
The bat hits you but does no damage. The bat closely misses you.
The bat hits you. x2
The bat attacks as it pursues you! The bat hits you but does no damage. x2
The bat hits you but does no damage.
You open the door. The bat hits you.
A kobold comes into view. It is wielding a +0 whip.
The kobold shouts!
There is an open door here.
The bat barely misses you. The bat closely misses you.
The kobold hits you but does no damage.
You hit the kobold but do no damage. The bat hits you.
A ball python comes into view.
The kobold barely misses you.
You barely miss the kobold.
The ball python hisses angrily.
The kobold hits you with a +0 whip. The bat hits you but does no damage.
You barely miss the kobold. The bat hits you.
The kobold hits you with a +0 whip.
* * * LOW HITPOINT WARNING * * *
You hit the kobold but do no damage. You bite the kobold.
The kobold is severely wounded.
The bat hits you but does no damage.
You hit the kobold but do no damage.
The kobold is severely wounded.
The bat hits you.
* * * LOW HITPOINT WARNING * * *
The kobold hits you with a +0 whip.
You die...

###..#.#### ##++#
#.......... ##....
#.......... #[....
#..S....... ##.8..8
#.......... #......
#.......... #.8....
#.bK....... #...##.
#..@....... #..####
#.......... +..'<>+
#.......... #(.####
##'######## #...##.
#........## #.8....
#.........#.$#......
#.........#..##.8..8
#.........#..##.....
#.........#..###....


You could see a bat, a ball python and a kobold.

Vanquished Creatures
  A kobold (D:1)
1 creature vanquished.

Notes
Turn   | Place    | Note
-------+----------+-------------------------------------------
     0 | D:1      | haggar2011 the Gnoll Cinder Acolyte began the quest for the
                  | Orb.
     0 | D:1      | Reached XP level 1. HP: 23/23 MP: 4/4
    80 | D:1      | Slain by a kobold

Illustrated notes

Levels and vault maps discovered:
D:1:      dpeg_arrival_refuge, layout_basic, serial_glass, glass_columns_c,
          glass_columns_b

Action                     || total
---------------------------++-------
  Melee: Spear             ||    20
         Bite              ||     1
 Armour: Robe              ||    33
  Dodge: Dodged            ||    25
